 Dungeon Crawl Stone Soup version 0.24-b1-44-g37ad8b309f (webtiles) character file.

Game seed: 12925800877703743574, levelgen mode: deterministic

95 Fistmachine the Magician (level 4, -2/32 HPs)
             Began as a Gnoll Wizard on Oct 24, 2019.
             Slain by a big kobold
             ... wielding a +0 whip
              (4 damage)
             ... in a sewer.
             The game lasted 00:06:13 (1505 turns).

Fistmachine the Magician (Gnoll Wizard)             Turns: 1505, Time: 00:06:14

Health: -2/32      AC:  3    Str: 10    XL:     4   Next: 66%
Magic:  0/13       EV: 14    Int: 21    God:
Gold:   106        SH:  0    Dex: 13    Spells: 14/17 levels left

rFire    . . .     SeeInvis .   c - +0 spear
rCold    . . .     Gourm    .   (no shield)
rNeg     . . .     Faith    .   a - +0 robe
rPois    .         Spirit   .   b - +0 hat
rElec    .         Reflect  .   j - +0 cloak
rCorr    .         Harm     .   (no gloves)
MR       .....                  (no boots)
Stlth    +++.......             (no amulet)
HPRegen  0.10/turn              (no ring)
MPRegen  0.13/turn              (no ring)

@: no status effects
A: distributed training, fangs 1, strong nose
a: no special abilities


You were in a sewer.
You were hungry.

You visited 1 branch of the dungeon, and saw 3 of its levels.
You also visited: Sewer.

You collected 106 gold pieces.

Inventory:

Hand Weapons
 c - a +0 spear (weapon)
Armour
 a - a +0 robe (worn)
 b - a +0 hat (worn)
 j - a +0 cloak (worn)
Wands
 p - a wand of iceblast (10)
Scrolls
 e - 2 scrolls of remove curse
 f - 3 scrolls of identify
 g - a scroll of amnesia
 m - a scroll of teleportation
Potions
 h - a potion of berserk rage
 k - a potion of brilliance {unknown}
 l - 4 potions of haste {unknown}
 o - a potion of flight {unknown}
Comestibles
 d - 4 rations


   Skills:
 + Level 1.2 Fighting
 + Level 1.2 Short Blades
 + Level 1.2 Long Blades
 + Level 1.2 Axes
 + Level 1.2 Maces & Flails
 + Level 1.2 Polearms
 + Level 1.2 Staves
 + Level 1.2 Slings
 + Level 1.2 Bows
 + Level 1.2 Crossbows
 + Level 1.2 Throwing
 + Level 1.2 Armour
 + Level 4.6 Dodging
 + Level 4.3 Stealth
 + Level 1.2 Shields
 + Level 1.2 Unarmed Combat
 + Level 7.2 Spellcasting
 + Level 2.2 Conjurations
 + Level 1.0 Hexes
 + Level 1.0 Charms
 + Level 2.2 Summonings
 + Level 1.0 Necromancy
 + Level 2.2 Translocations
 + Level 1.0 Transmutations
 + Level 1.0 Fire Magic
 + Level 1.0 Ice Magic
 + Level 1.0 Air Magic
 + Level 1.0 Earth Magic
 + Level 1.0 Poison Magic
 + Level 1.3 Invocations
 + Level 1.2 Evocations


You had 14 spell levels left.
You knew the following spells:

 Your Spells              Type           Power        Failure   Level  Hunger
a - Magic Dart            Conj           ###.         3%          1    None
b - Call Imp              Summ           ###.....     4%          2    None

Your spell library contained the following spells:

 Spells                   Type           Power        Failure   Level  Hunger
 Blink                    Tloc           N/A          4%          2    None
 Slow                     Hex            ##......     9%          2    None
 Conjure Flame            Conj/Fire      ##......     13%         3    None
 Mephitic Cloud           Conj/Pois/Air  ##......     14%         3    None


Dungeon Overview and Level Annotations

Branches:
Dungeon (3/15)              Sewer (1/1)

Altars:
Sif Muna
Wu Jian


Innate Abilities, Weirdness & Mutations

Your experience applies equally to all skills.
You have very sharp teeth.
Your uncanny sense of smell can sniff out nearby items.


Message History

* * * LOW HITPOINT WARNING * * *
You barely miss the big kobold.
The big kobold is severely wounded.
Your iron imp hits the big kobold!
The big kobold dies!
Your Hexes skill increases to level 1!
Your Charms skill increases to level 1!
Your Necromancy skill increases to level 1!
Your Transmutations skill increases to level 1!
Your Fire Magic skill increases to level 1!
Your Ice Magic skill increases to level 1!
Your Air Magic skill increases to level 1!
Your Earth Magic skill increases to level 1!
Your Poison Magic skill increases to level 1!
The big kobold barely misses you.
Your crimson imp hits the big kobold but does no damage.
The kobold closely misses you.
You closely miss the big kobold.
The big kobold is severely wounded.
The big kobold hits you with a +0 whip.
You die...

∆ #≈≈≈#.!..# ∆
#≈≈≈#!∩).#
∆#≈≈≈#....#
#≈≈≈#..[.#
#≈≈≈##''##
#≈≈≈#....#
#≈≈≈#P.))###
#≈≈≈≈≈≈K5..#
#≈≈≈≈(PK@.##
#≈≈≈#P≈.5.#
#≈≈≈#≈≈....#
#≈≈≈#......#
≈≈≈≈≈#......#
≈≈≈≈≈≈#..P...#
.≈≈≈≈≈#......#
#.P...##


You could see a big kobold, a kobold, a friendly iron imp and a friendly crimson
imp.

Vanquished Creatures
  An adder (D:2)
  2 dart slugs
  2 leopard geckos
  4 bats
  2 giant cockroaches
  4 goblins
  10 hobgoblins
  2 kobolds (D:1)
  A quokka (D:2)
  A ball python (D:2)
  2 frilled lizards
  3 rats (D:1)
34 creatures vanquished.

Vanquished Creatures (collateral kills)
  A big kobold (Sewer)
  A giant cockroach (D:3)
  4 hobgoblins
  2 kobolds (Sewer)
  3 rats
11 creatures vanquished.

Grand Total: 45 creatures vanquished

Notes
Turn   | Place    | Note
-------+----------+-------------------------------------------
     0 | D:1      | Fistmachine the Gnoll Wizard began the quest for the Orb.
     0 | D:1      | Reached XP level 1. HP: 13/13 MP: 8/8
   127 | D:1      | Reached XP level 2. HP: 19/19 MP: 3/10
   131 | D:1      | Learned a level 2 spell: Call Imp
   813 | D:1      | Reached XP level 3. HP: 25/25 MP: 7/11
  1084 | D:2      | Reached skill level 1 in Invocations
  1155 | D:2      | Reached skill level 1 in Fighting
  1155 | D:2      | Reached skill level 1 in Short Blades
  1155 | D:2      | Reached skill level 1 in Long Blades
  1155 | D:2      | Reached skill level 1 in Axes
  1155 | D:2      | Reached skill level 1 in Maces & Flails
  1155 | D:2      | Reached skill level 1 in Polearms
  1155 | D:2      | Reached skill level 1 in Staves
  1155 | D:2      | Reached skill level 1 in Slings
  1155 | D:2      | Reached skill level 1 in Bows
  1155 | D:2      | Reached skill level 1 in Crossbows
  1155 | D:2      | Reached skill level 1 in Throwing
  1155 | D:2      | Reached skill level 1 in Armour
  1155 | D:2      | Reached skill level 1 in Shields
  1155 | D:2      | Reached skill level 1 in Unarmed Combat
  1155 | D:2      | Reached skill level 1 in Evocations
  1348 | D:2      | Found an ornate altar of the Wu Jian Council.
  1348 | D:2      | Found a shimmering blue altar of Sif Muna.
  1443 | D:3      | Reached XP level 4. HP: 32/32 MP: 11/13
  1446 | D:3      | Found a glowing drain.
  1465 | Sewer    | Entered a sewer
  1481 | Sewer    | Noticed a big kobold
  1481 | Sewer    | Noticed a big kobold
  1504 | Sewer    | Killed a big kobold
  1504 | Sewer    | Reached skill level 1 in Hexes
  1504 | Sewer    | Reached skill level 1 in Charms
  1504 | Sewer    | Reached skill level 1 in Necromancy
  1504 | Sewer    | Reached skill level 1 in Transmutations
  1504 | Sewer    | Reached skill level 1 in Fire Magic
  1504 | Sewer    | Reached skill level 1 in Ice Magic
  1504 | Sewer    | Reached skill level 1 in Air Magic
  1504 | Sewer    | Reached skill level 1 in Earth Magic
  1504 | Sewer    | Reached skill level 1 in Poison Magic
  1505 | Sewer    | Slain by a big kobold

Skill      XL: |  1  2  3  4 |
---------------+-------------+-----
Conjurations   | 2 |  2.2
Summonings     | 2 |  2.2
Translocations | 2 |  2.2
Invocations    | 1 |  1.3
Fighting       | 1 |  1.2
Short Blades   | 1 |  1.2
Long Blades    | 1 |  1.2
Axes           | 1 |  1.2
Maces & Flails | 1 |  1.2
Polearms       | 1 |  1.2
Staves         | 1 |  1.2
Slings         | 1 |  1.2
Bows           | 1 |  1.2
Crossbows      | 1 |  1.2
Throwing       | 1 |  1.2
Armour         | 1 |  1.2
Shields        | 1 |  1.2
Unarmed Combat | 1 |  1.2
Evocations     | 1 |  1.2
Hexes          | 1 |  1.0
Charms         | 1 |  1.0
Necromancy     | 1 |  1.0
Transmutations | 1 |  1.0
Fire Magic     | 1 |  1.0
Ice Magic      | 1 |  1.0
Air Magic      | 1 |  1.0
Earth Magic    | 1 |  1.0
Poison Magic   | 1 |  1.0
Dodging        | |  4.6
Stealth        | |  4.3
Spellcasting   | |  7.2

Action                   |  1- 3 |  4- 6 || total
-------------------------+-------+-------++-------
Melee: Spear             |    68 |    12 ||    80
       Bite              |     2 |     1 ||     3
       Punch             |     1 |       ||     1
 Cast: Magic Dart        |    39 |     3 ||    42
       Call Imp          |     7 |     9 ||    16
  Use: Scroll            |     5 |     1 ||     6
 Stab: Sleeping          |     1 |       ||     1
  Eat: Chunk             |     1 |       ||     1
Armor: Robe              |     7 |     3 ||    10
Dodge: Dodged            |    37 |    15 ||    52
